AoeStats
← Overcome8853

Black Forest

510376137Analyzed
3v3 RM · 1d ago on Sep 30, 2026· 27m 13s· 6 players
Game mode
Random Map
Map size
Normal (6 player)
Population
200
Speed
Normal
Resources
Standard
Victory
Conquest
Starting age
Dark Age
Ending age
Imperial Age
RankedLock teamsTeams togetherTeam positionsShared explorationLock speedFull tech treeHidden civsTurbo modeCheats
Victory
Defeat
🇩🇪 Britons · Germany
758
+14
🇩🇪 Khmer · Germany
653
+18
🇩🇪 Franks · Germany
588
+22
🇭🇺 Turks · Hungary
732
-39
🇭🇺 Persians · Hungary
699
-18
🇭🇺 Celts · Hungary
676
-17
Kibng
5:07 Loom
10:20 Feudal Age
18:24 Double-Bit Axe
22:39 Castle Age
21:38 Gold Mining
25:15 Bow Saw
LongbowDan
7:37 Loom
10:36 Feudal Age
12:04 Double-Bit Axe
13:42 Arson
16:29 Fletching
17:23 Padded Archer Armor
20:28 Forging
25:50 Castle Age
25:57 Crossbowman
26:34 Bodkin Arrow
26:54 Leather Archer Armor
26:55 Pikeman
msuhre
14:02 Feudal Age
15:09 Double-Bit Axe
16:29 Horse Collar
21:55 Castle Age
22:53 Heavy Plow
23:08 Bow Saw
24:00 Caravan
25:45 Bloodlines
Overcome8853
12:53 Feudal Age
20:19 Horse Collar
25:38 Castle Age
24:28 Bloodlines
24:17 Man-at-Arms
Pufci2011
1:02 Loom
15:58 Feudal Age
16:36 Horse Collar
16:45 Double-Bit Axe
17:00 Gold Mining
23:31 Castle Age
Scrap
0:27 Loom
18:03 Feudal Age
20:16 Wheelbarrow
19:44 Horse Collar
19:59 Double-Bit Axe
22:37 Castle Age
21:06 Gold Mining
21:06 Stone Mining
23:12 Bloodlines
23:42 Husbandry
Connection lost

Rejoining the realm…

Still unreachable

The connection could not be restored.

Session expired

The server has moved on; the page needs a fresh start.